 Dungeon Crawl Stone Soup version 0.31-a0-981-geadf994542 (webtiles) character file.

Game seed: 17892844789255676931

590 Persephone the Cleaver (level 7, -1/57 HPs)
             Began as a Hill Orc Fighter on Nov 1, 2023.
             Was a Follower of Okawaru.
             Slain by Pikel
             ... wielding a +1 whip of electrocution
              (12 damage)
             ... on level 4 of the Dungeon.
             The game lasted 00:05:20 (3266 turns).

Persephone the Cleaver (Hill Orc Fighter)           Turns: 3266, Time: 00:05:21

Health: -1/57      AC: 13    Str: 21    XL:     7   Next: 39%
Magic:  5/7        EV:  7    Int:  8    God:    Okawaru [*.....]
Gold:   112        SH:  6    Dex: 10    Spells: 6/6 levels left

rFire   . . .        a - +0 war axe
rCold   . . .        c - +0 buckler
rNeg    . . .        k - +0 plate armour
rPois   .            (no helmet)
rElec   .            (no cloak)
rCorr   .            (no gloves)
SInv    .            (no boots)
Will    .....        (no amulet) Stlth
                     (no ring)
HPRegen 0.29/turn    (no ring)
MPRegen 0.10/turn

%: no passive effects
@: heroic
A: no striking features
a: Renounce Religion, Heroism


You were on level 4 of the Dungeon.
You worshipped Okawaru.
Okawaru was aware of your devotion.
You visited 1 branch of the dungeon, and saw 4 of its levels.

You collected 112 gold pieces.

Inventory:

Hand Weapons
 a - a +0 war axe (weapon)
Missiles
 d - 2 poisoned darts
 e - a throwing net (quivered)
Armour
 c - a +0 buckler (worn)
 k - a +0 plate armour (worn)
Scrolls
 h - a scroll of enchant armour
 j - a scroll of identify
 m - a scroll of fear
 p - a scroll of poison
Potions
 b - a potion of invisibility
 l - a potion of lignification
 n - a potion of brilliance
 o - a potion of attraction


   Skills:
 - Level 3.6(8.6) Fighting
 * Level 9.4(14.4) Axes
 - Level 3.2(8.2) Armour
 - Level 5.0(10.0) Shields


You had 6 spell levels left.
You didn't know any spells.
Your spell library contained the following spells:

 Spells                   Type           Power      Damage    Failure   Level
 Cigotuvi's Dreadful Rot  Necr/Pois/Air  0%         N/A       100%        2
 Ignite Poison            Fire/Tmut/Pois 0%         N/A       100%        3
 Freezing Cloud           Conj/Ice/Air   0%         6-21      100%        5


Dungeon Overview and Level Annotations

Branches:
Dungeon (4/15)
 Temple: D:4-7

Altars:
Dithmenos
Fedhas
Kikubaaqudgha
Okawaru
Vehumet

Annotations:
D:4 Blork the orc, Pikel


Message History

Pikel hits you with a +1 whip of electrocution.
You are electrocuted!!
A lemure comes into view.
You miss Pikel.
Pikel is moderately wounded.
The lemure shouts!
Pikel hits you with a +1 whip of electrocution.
You slash Pikel!
Pikel is heavily wounded.
Pikel hits you with a +1 whip of electrocution.
You closely miss Pikel.
Pikel is heavily wounded.
Pikel cracks his whip.
Pikel completely misses you.
You closely miss Pikel.
Pikel is heavily wounded.
Pikel hits you but does no damage.
You barely miss Pikel.
Pikel is heavily wounded.
Pikel hits you with a +1 whip of electrocution.
You gain the combat prowess of a mighty hero.
Pikel hits you with a +1 whip of electrocution.
You slash Pikel!
Pikel is severely wounded.
You block Pikel's attack.
You closely miss Pikel.
Pikel is severely wounded.
Pikel barely misses you.
You slash Pikel!
Pikel is almost dead.
You hit Pikel but do no damage.
Pikel is almost dead.
Pikel hits you with a +1 whip of electrocution.
You are electrocuted!
* * * LOW HITPOINT WARNING * * *
You closely miss Pikel.
Pikel is almost dead.
Pikel hits you but does no damage.
You are electrocuted!
You die...
Pikel says, "Another soul for the market."

........## $..........
.......... #.... #.........
..... .........# #....
.........# ##....
.........############# #....
............5K@...)..#####.#.#
#.......!.###########....##.#.##
.#........## ####.†.....#
$........## ####.#... #........#
#####)#.## #........###
#...[<...> #..........###
#...[.)... .#..........###
#......... #..#<........#
#.........


You could see Pikel and a lemure.

Vanquished Creatures
  Sigmund (D:4)
  Menkaure (D:4)
  3 lemures (D:4)
  2 howler monkeys (D:4)
  2 hounds (D:4)
  3 gnolls (D:3)
  8 adders
  2 worms
  A dart slug (D:1)
  9 orcs
  5 endoplasms
  2 giant cockroaches
  6 goblins
  9 hobgoblins
  10 jackals (D:1)
  7 kobolds
  4 quokkas
  5 ball pythons
  2 bats
  3 frilled lizards
  3 rats
88 creatures vanquished.

Notes
Turn   | Place    | Note
-------+----------+-------------------------------------------
     0 | D:1      | Persephone the Hill Orc Fighter began the quest for the
                  | Orb.
     0 | D:1      | Reached XP level 1. HP: 19/19 MP: 1/1
    32 | D:1      | Reached skill level 3 in Axes
    93 | D:1      | Reached XP level 2. HP: 26/26 MP: 2/2
   310 | D:1      | Reached skill level 4 in Axes
   330 | D:1      | Reached XP level 3. HP: 29/31 MP: 3/3
  1119 | D:2      | Reached XP level 4. HP: 39/39 MP: 4/4
  1121 | D:2      | Reached skill level 5 in Axes
  1435 | D:3      | Found a shadowy altar of Dithmenos.
  1448 | D:3      | Reached XP level 5. HP: 11/45 MP: 5/5
  1823 | D:3      | Found an iron altar of Okawaru.
  1863 | D:3      | Became a worshipper of Warmaster Okawaru
  1868 | D:3      | Found a radiant altar of Vehumet.
  1872 | D:3      | Found an ancient bone altar of Kikubaaqudgha.
  1940 | D:3      | Reached skill level 6 in Axes
  2317 | D:4      | Noticed a lemure
  2339 | D:4      | Killed a lemure
  2344 | D:4      | Noticed Menkaure
  2344 | D:4      | Noticed Sigmund
  2636 | D:4      | Noticed Blork the orc
  2717 | D:4      | Found a blossoming altar of Fedhas.
  2751 | D:4      | Reached XP level 6. HP: 46/51 MP: 6/6
  2842 | D:4      | Reached skill level 7 in Axes
  2842 | D:4      | Reached skill level 5 in Shields
  2868 | D:4      | Killed Menkaure
  2869 | D:4      | Reached skill level 8 in Axes
  2870 | D:4      | Reached * piety under Okawaru
  3045 | D:4      | Killed Sigmund
  3046 | D:4      | Reached skill level 9 in Axes
  3046 | D:4      | Reached XP level 7. HP: 14/57 MP: 7/7
  3240 | D:4      | Noticed Pikel
  3266 | D:4      | Slain by Pikel

Illustrated notes

Levels and vault maps discovered:
D:1:      nicolae_arrival_memento_mori, layout_basic
D:2:      layout_basic, minmay_unequal
D:3:      layout_loops_ring, minmay_overflow_temple_star_quad,
          nicolae_dithmenos_through_a_glass_darkly
D:4:      layout_rooms, mainiacjoe_overflow_tiny_flanked, uniq_menkaure,
          uniq_sigmund, uniq_pikel, uniq_blork_the_orc

Skill      XL: |  1  2  3  4  5  6 |
---------------+-------------------+-----
Axes           | 3 4 5 6 9 |  9.4
Shields        | 4 5 |  5.0
Fighting       | |  3.6
Armour         | |  3.2

Action                     |  1- 3 |  4- 6 |  7- 9 || total
---------------------------+-------+-------+-------++-------
  Melee: War axe           |    96 |   120 |    28 ||   244
 Invoke: Heroism           |       |       |     1 ||     1
    Use: Scroll            |       |    15 |       ||    15
         Potion            |       |     4 |     1 ||     5
 Armour: Scale mail        |    62 |    22 |       ||    84
         Plate armour      |       |   100 |    28 ||   128
  Dodge: Dodged            |    57 |    36 |     4 ||    97
  Block: Buckler           |    28 |    25 |     1 ||    54

Table legend: (Time is in decaauts)
 A = Elapsed time spent in this place.
 B = Non-inter-level travel time spent in this place.
 C = Inter-level travel time spent in this place.
 D = Time resting spent in this place.
 E = Time spent auto-exploring this place.
 F = Levels seen in this place.
 G = Mean time per level.
                   A        B        C        D        E       F      G
               +--------+--------+--------+--------+--------+-----+--------+
         Total |   3307 |   2961 |    346 |      0 |   2350 |   4 |  826.8 |
       Dungeon |   3307 |   2961 |    346 |      0 |   2350 |   4 |  826.8 |
               +--------+--------+--------+--------+--------+-----+--------+

Top non-repeatable levels by time:
     D:3: 1450 daAuts
     D:2: 757 daAuts
     D:1: 652 daAuts
     D:4: 447 daAuts
